Cogmind - Beta 11.1 @@@ ROGUE MODE // 2022.05.17 @ 02:36:37 Player: Lyra Result: Destroyed by S-27 Virus with Autogun Performance ------------- Evolutions (5) 2500 Regions Visited (17) 3400 Robots Destroyed (293) 1465 Value Destroyed (10195) 10195 Prototype IDs (29) 580 Alien Tech Used (0) 0 Bonus (6365) 6365 TOTAL SCORE: 24505 Bonus ------- High Alert Combat Kills 3028 Follower Combat Kills 2350 Met Data Miner 300 Built Enhanced Grunts 300 A7 Reached Mainframe 300 Met R17 at Cetus 500 Friendly Fire -413 Cogmind --------- Core Integrity 0/1000 Matter 188/300 Energy 100/100 System Corruption 0% Temperature Cool (0) Movement Core (50) Location -5/Upper Caves Parts ------- > --- POWER (2) -------- (None) > --- PROPULSION (8) --- (None) > --- UTILITY (5) ------ Enhanced Optical Array Advanced Signal Interpreter > --- WEAPON (2) ------- (None) > --- INVENTORY (5) ---- Advanced Energy Well (500) High-capacity Matter Pod (51) Graphene Brace Heavy Plasma Cannon Peak State ------------ > --- POWER ------------ Hybrid Fission Core Antimatter Reactor > --- PROPULSION ------- Medium Treads Improved Heavy Treads Centrium Heavy Treads Carbon-fiber Leg Carbon-fiber Leg Carbon-fiber Leg > --- UTILITY ---------- Advanced Heat Sink Huge Storage Unit Layered Medium Armor Plating Centrium Medium Armor Plating Advanced Shield Generator > --- WEAPON ----------- Bore Cannon Hypervelocity Gauss Cannon > --- INVENTORY -------- Improved Fusion Compressor Enhanced Flexi-carbon Leg Enhanced Flexi-carbon Leg Improved Heat Sink Advanced Energy Well Advanced Energy Well Structural Scanner Enhanced Optical Array Improved Sensor Array Advanced Sensor Array Improved Signal Interpreter Makeshift Transmission Jammer Improved Reaction Control System Improved Light Armor Plating Improved Medium Armor Plating Graphene Brace Improved Focal Shield Experimental Thermal Shield Hardlight Generator Improved Hacking Suite Plasma Rifle Disruptor Cannon Mini Grenade Launcher Greatsword [Rating: 106] Favorites ----------- Power Improved Deuterium Engine Engine Improved Deuterium Engine Power Core Hybrid Fission Core Reactor Antimatter Reactor Propulsion Carbon-fiber Leg Treads Improved Heavy Treads Leg Carbon-fiber Leg Wheel Armored Huge Wheel Hover Unit Improved Airjet Flight Unit Flight Unit Utility Huge Storage Unit Device Microactuators Storage Huge Storage Unit Processor Advanced Signal Interpreter Hackware Advanced System Shield Protection Centrium Medium Armor Plating Weapon Great Axe Energy Gun Plasma Rifle Energy Cannon Cooled Phase Cannon Ballistic Gun Enhanced Coil Gun Ballistic Cannon Bore Cannon Launcher Mini Grenade Launcher Impact Weapon Impact Mace Slashing Weapon Great Axe Piercing Weapon Heavy Pick Special Melee Weapon Datajack Build | -11 -10 -9 -9 -8 -7 -7 -7 -7 -6 -6 -6 -6 -6 -6 -5 -5 -5 ------- Run | Scr Mat Mat Min Mat Fac Low Low Dat Pro Fac Ext Cet Arc Hub Fac Upp Upp Slots Evolved 10 | . . 2 . 2 2 . . . . 2 . . . . 2 . . Power 1 | . . . . . . . . . . . . . . . 1 . . Propulsion 6 | . . 2 . 1 1 . . . . 1 . . . . 1 . . Utility 3 | . . . . 1 1 . . . . 1 . . . . . . . Weapon . | . . . . . . . . . . . . . . . . . . Parts Attached 323 | 7 2 7 2 30 62 1 2 . 1 83 36 8 3 3 66 5 5 Power 27 | 1 . . 1 3 5 . . . . 5 3 1 1 . 7 . . Engine 12 | 1 . . 1 3 2 . . . . 1 1 . . . 3 . . Core 13 | . . . . . 3 . . . . 3 2 1 . . 4 . . Reactor 2 | . . . . . . . . . . 1 . . 1 . . . . Propulsion 108 | 2 2 2 . 7 27 . . . 1 36 13 . 2 1 15 . . Treads 24 | . . . . 2 4 . . . . 7 8 . 1 1 1 . . Leg 49 | 2 . . . 3 7 . . . . 18 4 . 1 . 14 . . Wheel 7 | . . . . 2 2 . . . . 2 1 . . . . . . Hover 24 | . . . . . 14 . . . 1 9 . . . . . . . Flight 4 | . 2 2 . . . . . . . . . . . . . . . Utility 99 | 2 . 2 . 10 15 . 1 . . 24 10 1 . 2 25 4 3 Device 41 | 1 . . . 2 3 . 1 . . 11 4 . . 1 12 4 2 Storage 13 | 1 . 1 . 1 5 . . . . 3 . . . . 2 . . Processor 13 | . . 1 . 2 3 . . . . 2 1 . . . 4 . . Hackware 1 | . . . . . . . . . . . . . . . 1 . . Protection 31 | . . . . 5 4 . . . . 8 5 1 . 1 6 . 1 Artifact . | . . . . . . . . . . . . . . . . . . Weapon 89 | 2 . 3 1 10 15 1 1 . . 18 10 6 . . 19 1 2 Energy Gun 21 | 1 . 2 . 5 3 . . . . . 3 3 . . 4 . . Energy Cannon 5 | . . . . . . . . . . 2 1 . . . 2 . . Ballistic Gun 13 | 1 . . . 1 1 . . . . 7 3 . . . . . . Ballistic Cannon 8 | . . . . . 1 . . . . 1 . 1 . . 4 . 1 Launcher 16 | . . 1 1 . 2 1 . . . 3 . 1 . . 6 1 . Special Weapon . | . . . . . . . . . . . . . . . . . . Impact Weapon 1 | . . . . . . . . . . 1 . . . . . . . Slashing Weapon 23 | . . . . 3 8 . 1 . . 4 3 1 . . 3 . . Piercing Weapon 1 | . . . . . . . . . . . . . . . . . 1 Special Melee Weapon 1 | . . . . 1 . . . . . . . . . . . . . Unidentified Prototypes 20 | . . . . 1 4 . . . . 10 1 1 1 1 1 . . Corrupted Parts 3 | . . . . . . . . . . . 1 . . 1 1 . . System Corruption 21 | . . . . . . . . . . . 6 . . 14 1 . . Parts Lost 99 | . . . . 14 15 . 1 . . 20 14 2 . . 22 . 11 Power 11 | . . . . 2 1 . . . . 1 1 1 . . 4 . 1 Propulsion 52 | . . . . 6 9 . 1 . . 12 5 1 . . 13 . 5 Utility 21 | . . . . 2 3 . . . . 5 5 . . . 3 . 3 Weapon 15 | . . . . 4 2 . . . . 2 3 . . . 2 . 2 Highest Loss Streak 9 | . . . . 9 6 . 1 . . 7 6 2 . . 4 . 8 To Critical Strikes 1 | . . . . . . . . . . . . . . . 1 . . Average Slot Usage (%) 87 | . 95 84 88 63 93 100 98 92 100 89 80 86 92 89 86 81 70 Engine 3 | . 14 11 11 4 5 . . . . 1 3 . . . 1 5 2 Core 3 | . . . . . 1 7 7 7 7 4 2 6 4 . 4 5 4 Treads 10 | . . . . 5 4 . . . . 4 24 26 26 26 19 . . Leg 18 | . 20 . . 9 27 . . . . 25 4 6 12 12 14 29 22 Hover 4 | . . . . . 6 46 44 38 46 10 . . . . . . . Device 5 | . 14 1 . 1 3 7 7 7 7 7 5 6 6 6 6 10 9 Storage 5 | . 10 9 11 8 4 7 7 7 7 6 6 6 6 6 5 5 4 Processor 8 | . . 7 11 14 14 15 15 15 15 6 8 6 6 6 3 11 11 Protection 6 | . . . . 1 6 . . . . 8 9 12 13 9 9 . . Energy Gun 1 | . 14 5 . . . . . . . . 2 7 6 6 3 . . Ballistic Gun 1 | . 14 1 . 1 . . . . . 4 7 . . . . . . Ballistic Cannon 2 | . . . . . 1 . . . . . . 3 6 6 5 1 1 Launcher 1 | . . 5 10 . 1 4 5 . . . . . . . . 3 1 Slashing Weapon 4 | . . . . 8 11 10 9 15 15 2 3 . . . . 5 5 Naked Turns . | . . . . . . . . . . . . . . . . . . Heaviest Build 144 | 12 12 16 16 32 51 28 28 22 22 129 116 112 120 123 144 115 108 Greatest Support 249 | 20 20 16 16 56 100 47 47 38 45 225 245 163 146 226 249 106 106 Greatest Overweight (x) 3 | . 2 . . 1 2 . . . . 3 3 . 2 . 1 1 1 Average Overweight (x) . | . . . . . . . . . . . . . 1 . . . . Largest Inventory Capacity 25 | 8 8 10 10 10 10 10 10 10 10 25 25 25 25 25 25 25 25 Average Capacity 18 | 6 7 9 10 9 8 10 10 10 10 19 25 25 25 25 25 25 23 Most Carried 25 | 2 5 10 10 10 10 10 10 10 10 25 25 25 25 25 25 25 25 Average Carried 16 | . 3 8 9 9 8 10 10 10 9 17 22 23 24 24 23 24 22 Final Capacity 25 | 8 5 10 10 10 10 10 10 10 10 25 25 25 25 25 25 25 5 Final Carried 25 | 2 5 10 10 10 10 10 10 10 10 25 25 23 25 22 25 25 4 Class Distribution -------------------- 63% | Scavenger-Mutant 21% | Mutant 7% | Scavenger-Assassin 5% | Commander-Mutant Dominant Class ---------------- Mutant | -10/Materials Scavenger-Sprinter | -9/Materials Scavenger-Sprinter | -9/Mines Mutant | -8/Materials Scavenger-Mutant | -7/Factory Scavenger-Mutant | -7/Lower Caves Scavenger-Mutant | -7/Lower Caves Scavenger-Mutant | -7/Data Miner Scavenger-Mutant | -6/Proximity Caves Mutant | -6/Factory Scavenger-Mutant | -6/Extension Commander-Mutant | -6/Cetus Scavenger-Mutant | -6/Archives Scavenger-Mutant | -6/Hub_04(d) Scavenger-Mutant | -5/Factory Scavenger-Assassin | -5/Upper Caves Scavenger-Assassin | -5/Upper Caves Resources | -11 -10 -9 -9 -8 -7 -7 -7 -7 -6 -6 -6 -6 -6 -6 -5 -5 -5 ----------- Run | Scr Mat Mat Min Mat Fac Low Low Dat Pro Fac Ext Cet Arc Hub Fac Upp Upp Matter Collected 7123 | 243 32 42 118 240 821 25 47 . 33 1835 711 271 55 36 2355 252 7 Remotely 84 | 52 32 . . . . . . . . . . . . . . . . Salvage Created 12222 | 110 42 73 91 592 2110 200 . . . 4419 1032 . 187 . 3004 342 20 Parts 651 | 5 5 16 9 35 110 10 . . . 219 53 . 13 . 160 14 2 Haulers Intercepted 10 | . . 1 . 1 5 . . . . 3 . . . . . . . Recyclers Shooed 32 | . . . . . 5 . . . . 9 4 . . . 14 . . Parts Field Recycled . | . . . . . . . . . . . . . . . . . . Retrieved Matter . | . . . . . . . . . . . . . . . . . . Parts Self-Destructed 30 | . . . . . . 11 2 . . . . . . . . 13 4 Prevented 3 | . . . . . . . . . 3 . . . . . . . . Kills | -11 -10 -9 -9 -8 -7 -7 -7 -7 -6 -6 -6 -6 -6 -6 -5 -5 -5 ------- Run | Scr Mat Mat Min Mat Fac Low Low Dat Pro Fac Ext Cet Arc Hub Fac Upp Upp Combat Hostiles Destroyed 191 | . 3 5 5 10 17 10 . . . 64 15 . 1 . 49 10 2 Melee 31 | . . . . 9 12 . . . . 2 4 . . . 3 . 1 Guns 37 | . 3 . . . . . . . . 15 11 . 1 . 7 . . Cannons 51 | . . . . . 2 . . . . 24 . . . . 24 . 1 AOE 69 | . . 5 5 1 3 10 . . . 20 . . . . 15 10 . Classes Destroyed 20 | 2 1 1 2 4 3 . . . . 6 1 . . . . . . Worker 24 | 1 . . . . 9 . . . . 12 . . . . 2 . . Builder 16 | . . . . 1 2 . . . . 9 . . . . 4 . . Tunneler 3 | . . . 1 . 2 . . . . . . . . . . . . Hauler 10 | . . 1 . 1 5 . . . . 3 . . . . . . . Recycler 29 | 1 . . . . 11 . . . . 9 1 . . . 7 . . Mechanic 2 | . . . . . . . . . . 2 . . . . . . . Operator 3 | . . . . . 1 . . . . 1 . . 1 . . . . Watcher 14 | . . . . 1 4 . . . . 2 2 . . . 5 . . Swarmer 56 | . 3 5 3 . . 6 . . . 14 3 . . . 16 5 1 Saboteur 1 | . . . . . . . . . . 1 . . . . . . . Grunt 61 | . . . 2 5 7 4 . . . 18 5 . . . 15 5 . Brawler 1 | . . . . . . . . . . 1 . . . . . . . Duelist 3 | . . . . . 1 . . . . 2 . . . . . . . Protector 3 | . . . . . . . . . . 3 . . . . . . . Sentry 20 | . . . . 4 4 . . . . 3 5 . 1 . 2 . 1 Demolisher 1 | . . . . . . . . . . . 1 . . . . . . Specialist 4 | . . . . . . . . . . 4 . . . . . . . Hunter 10 | . . . . 1 1 . . . . 6 . . . . 2 . . Programmer 27 | . . . . . 4 . . . . 9 . . . . 14 . . Heavy 3 | . . . . . . . . . . 3 . . . . . . . Enhanced Grunt 1 | . . . . . . . . . . . . . 1 . . . . Butcher 1 | . . . . . . . . . . . 1 . . . . . . Best Kill Streak 15 | 2 3 5 3 2 12 10 . . . 15 3 . 1 . 13 5 1 Combat Bots Only 10 | . 3 5 3 2 6 10 . . . 10 3 . 1 . 10 5 1 Max Kills in Single Turn 7 | 2 1 3 3 1 5 4 . . . 7 1 . 1 . 6 3 1 Gunslinging . | . . . . . . . . . . . . . . . . . . Exploded 5 | . . 3 3 1 2 4 . . . 5 . . . . 3 3 . Melee 1 | . . . . 1 1 . . . . 1 1 . . . 1 . 1 Uniques/NPCs Destroyed . | . . . . . . . . . . . . . . . . . . Combat | -11 -10 -9 -9 -8 -7 -7 -7 -7 -6 -6 -6 -6 -6 -6 -5 -5 -5 -------- Run | Scr Mat Mat Min Mat Fac Low Low Dat Pro Fac Ext Cet Arc Hub Fac Upp Upp Damage Taken 19126 | . 94 51 47 1446 2452 76 39 . . 5562 3303 215 . . 4264 84 1493 Core 2525 | . 16 7 9 453 356 23 16 . . 417 213 . . . 373 13 629 Absorbed by Shields 812 | . . . . . 18 . . . . 4 137 94 . . 467 . 92 Reduced by Siege Mode 46 | . . . . . . . . . . . . . . . 46 . . Redirected to Shielding 110 | . . . . . 110 . . . . . . . . . . . . Core Remaining (%) 62 | 100 93 . 96 17 . . . . 43 . . . . 25 . . . Volleys Fired 489 | 2 4 5 4 18 23 3 . . . 168 44 10 21 . 166 5 16 Largest 2 | 2 2 1 1 1 2 1 . . . 2 2 2 2 . 2 1 1 Hottest 156 | 60 60 63 30 63 150 45 . . . 98 144 156 132 . 156 30 61 Shots Fired 790 | 4 8 5 4 18 25 3 . . . 290 81 19 24 . 288 5 16 Gun 360 | 4 8 2 . 15 4 . . . . 121 81 13 19 . 93 . . Cannon 364 | . . . . . 17 . . . . 153 . 5 5 . 176 . 8 Launcher 66 | . . 3 4 3 4 3 . . . 16 . 1 . . 19 5 8 Special . | . . . . . . . . . . . . . . . . . . Kinetic 412 | 2 4 . . 10 17 . . . . 140 52 5 5 . 169 . 8 Thermal 299 | 2 4 2 . 3 4 . . . . 134 29 13 19 . 89 . . Explosive 66 | . . 3 4 3 4 3 . . . 16 . 1 . . 19 5 8 Electromagnetic 13 | . . . . 2 . . . . . . . . . . 11 . . Robot Hit Streak 26 | 1 3 1 2 9 8 4 . . . 26 15 6 3 . 20 3 3 Robot Miss Streak 9 | 1 3 3 1 4 2 7 . . . 9 2 2 5 . 5 1 1 Penetration Max 1 | . . . . . 1 . . . . 1 1 1 . . 1 . . Secondary Targets . | . . . . . . . . . . . . . . . . . . Shots Hit Robots 615 | 2 4 1 2 41 100 2 . . . 198 63 10 12 . 167 3 10 Core Hits 506 | 5 3 7 10 18 74 23 . . . 180 33 7 12 . 105 21 8 Critical Kills 37 | . . . . 1 . . . . . 8 3 . 1 . 23 . 1 Critical Parts Destroyed 41 | . . . . . . . . . . 8 . 2 . . 29 . 2 Critical Strikes 111 | . . . . 5 13 . . . . 18 4 3 2 . 61 . 5 Burn 11 | . . . . 1 . . . . . . . 1 1 . 8 . . Meltdown 3 | . . . . . . . . . . 3 . . . . . . . Destroy 76 | . . . . 1 . . . . . 13 3 2 1 . 52 . 4 Blast 5 | . . . . . 4 . . . . 1 . . . . . . . Sever 15 | . . . . 3 9 . . . . 1 1 . . . 1 . . Impale 1 | . . . . . . . . . . . . . . . . . 1 Melee Attacks 210 | . . . . 40 105 . . . . 13 17 5 . . 12 8 10 Impact . | . . . . . . . . . . . . . . . . . . Slashing 203 | . . . . 39 105 . . . . 13 17 5 . . 12 8 4 Piercing 6 | . . . . . . . . . . . . . . . . . 6 Sneak Attacks 35 | . . . . 3 27 . . . . 3 2 . . . . . . Combat Hostiles . | . . . . . . . . . . . . . . . . . . Follow-up Attacks 9 | . . . . . 8 . . . . . . . . . . . 1 Damage Inflicted 28579 | 48 45 213 321 1561 4827 801 . . . 11261 2100 428 414 15 5339 824 382 Guns 6379 | 34 45 18 . 177 92 . . . . 2579 1580 194 275 . 1385 . . Cannons 6463 | . . . . . 370 . . . . 3902 . 119 53 . 1942 . 77 Explosions 9271 | . . 195 321 325 762 801 . . . 4168 . 115 . . 1650 764 170 Melee 5969 | . . . . 1043 3589 . . . . 509 478 . . . 180 60 110 Ramming 497 | 14 . . . 16 14 . . . . 103 42 . 86 15 182 . 25 Kinetic 6727 | 13 34 . . 93 370 . . . . 2926 1168 119 53 . 1874 . 77 Thermal 6514 | 21 11 18 . 50 166 . . . . 3926 412 194 275 . 1441 . . Explosive 8693 | . . 195 321 325 688 801 . . . 3785 . 115 . . 1529 764 170 Electromagnetic 179 | . . . . 34 . . . . . 12 . . . . 133 . . Impact . | . . . . . . . . . . . . . . . . . . Slashing 5890 | . . . . 1043 3589 . . . . 509 478 . . . 180 60 31 Piercing 79 | . . . . . . . . . . . . . . . . . 79 Highest Corruption 27 | . . . . . 1 1 1 1 1 12 13 13 13 27 8 8 . Average Corruption 7 | . . . . . 1 1 1 1 1 7 11 13 13 13 4 6 . Corruption Purged 13 | . . . . . . . . . . 5 . . . . . 8 . Corruption Blocked . | . . . . . . . . . . . . . . . . . . Effects 254 | . . . . . 8 1 . . 2 77 50 18 32 9 49 8 . Message Errors 62 | . . . . . 1 1 . . 2 13 13 5 10 1 13 3 . Matter Fused 58 | . . . . . 4 . . . . 15 15 5 6 2 10 1 . Heat Flow Errors 29 | . . . . . . . . . . 11 6 . 5 2 3 2 . Energy Discharges 29 | . . . . . . . . . . 6 3 5 4 1 9 1 . Parts Rejected 6 | . . . . . . . . . . 4 1 . . 1 . . . Data Loss (minor) 23 | . . . . . 2 . . . . 10 4 1 4 1 1 . . Data Loss (major) 17 | . . . . . 1 . . . . 6 3 1 3 . 3 . . Misfires 10 | . . . . . . . . . . 5 2 . . . 3 . . Alerts 7 | . . . . . . . . . . 1 1 . . 1 3 1 . Misdirections 1 | . . . . . . . . . . . 1 . . . . . . Weapon Failures 12 | . . . . . . . . . . 6 1 1 . . 4 . . Overload Shots . | . . . . . . . . . . . . . . . . . . Overflow Damage 1262 | . . . 30 124 524 . . . . 496 . . . . 41 15 32 Projectiles 121 | . . . . . . . . . . 109 . . . . 12 . . Explosions 314 | . . . 30 3 . . . . . 253 . . . . 13 15 . Melee 827 | . . . . 121 524 . . . . 134 . . . . 16 . 32 Knockbacks 41 | 1 . . . . 3 . . . . 6 . 3 2 . 25 . 1 Impact 7 | 1 . . . . . . . . . 2 . . 2 . 2 . . Kinetic 31 | . . . . . 3 . . . . 3 . 2 . . 22 . 1 Secondary 3 | . . . . . . . . . . 1 . 1 . . 1 . . Self-Inflicted Damage 714 | . . 24 19 113 107 27 . . . 232 . . . . 180 . 12 Shots 25 | . . 1 1 3 3 2 . . . 6 . . . . 9 . . Rammed 29 | . . . . 9 . . . . . 1 4 . . 1 8 . 6 Targets Rammed 64 | 9 . . . 9 1 . . . . 5 4 . 15 1 14 . 6 Kicked 34 | 9 . . . . 1 . . . . 4 . . 15 . 5 . . Crushed 1 | . . . . . . . . . . . . . . . 1 . . Highest Temperature 432 | . . 48 7 54 112 4 . . . 248 411 30 230 147 432 265 69 Average Temperature 88 | . . 27 4 32 21 4 . . . 70 101 13 98 82 107 124 40 Received Heat Transfer 4108 | . 12 . 15 729 681 18 9 . . 1099 874 38 . . 597 . 36 Effects 28 | . . . . . . . . . . . 10 . . . 18 . . Shutdowns 5 | . . . . . . . . . . . 2 . . . 3 . . Energy Bleed 8 | . . . . . . . . . . . 4 . . . 4 . . Interference 6 | . . . . . . . . . . . 2 . . . 4 . . Matter Decay 3 | . . . . . . . . . . . . . . . 3 . . Short Circuit 3 | . . . . . . . . . . . 1 . . . 2 . . Damage (minor) 1 | . . . . . . . . . . . 1 . . . . . . Damage (major) 2 | . . . . . . . . . . . . . . . 2 . . Siege Activations 2 | . . . . . . . . . . . . . . . 2 . . Total Turns 81 | . . . . . . . . . . . . . . . 81 . . Longest Duration 54 | . . . . . . . . . . . . . . . 54 . . Robots Corrupted . | . . . . . . . . . . . . . . . . . . Combat Hostiles . | . . . . . . . . . . . . . . . . . . Parts Fried 1 | . . . . . . . . . . . 1 . . . . . . Impact Corruptions 4 | . . . . . . . . . . 2 . . . . 2 . . Robots Melted 3 | . . . . . . . . . . 3 . . . . . . . Combat Hostiles 3 | . . . . . . . . . . 3 . . . . . . . Parts Melted 19 | . . . . 1 1 . . . . 8 3 . . . 6 . . Heat Transferred 10251 | 50 25 37 . 185 225 . . . . 3926 831 472 750 . 3750 . . Parts Sabotaged . | . . . . . . . . . . . . . . . . . . Parts Stolen . | . . . . . . . . . . . . . . . . . . Parts Stripped . | . . . . . . . . . . . . . . . . . . Power Chain Reactions 1 | . . . . . . . . . . 1 . . . . . . . Missiles Intercepted . | . . . . . . . . . . . . . . . . . . Alert | -11 -10 -9 -9 -8 -7 -7 -7 -7 -6 -6 -6 -6 -6 -6 -5 -5 -5 ------- Run | Scr Mat Mat Min Mat Fac Low Low Dat Pro Fac Ext Cet Arc Hub Fac Upp Upp Peak Influence 2084 | 10 156 350 354 241 612 . . . . 2084 1374 1545 712 269 1394 . . Initial 1010 | . 6 65 136 137 25 . . . . . 1010 752 538 179 121 . . Average 559 | 4 44 173 236 159 175 . . . . 980 1187 1131 612 256 455 . . Maximum Alert Level 5 | . . 1 1 1 2 . . . . 5 4 4 3 1 4 . . Low Security (%) 40 | 100 100 65 11 67 74 . . . . 28 . . . 7 35 . . Level 1 11 | . . 34 88 32 . . . . . 2 . . . 92 27 . . Level 2 13 | . . . . . 25 . . . . 4 . . 50 . 16 . . Level 3 12 | . . . . . . . . . . 23 14 32 49 . 9 . . Level 4 14 | . . . . . . . . . . 6 85 67 . . 12 . . Level 5 7 | . . . . . . . . . . 33 . . . . . . . High Security . | . . . . . . . . . . . . . . . . . . Max Security . | . . . . . . . . . . . . . . . . . . Squads Dispatched 47 | . 1 1 . 1 7 . 1 . . 15 2 1 . 2 16 . . Investigation 3 | . . . . . . . . . . 1 . 1 . . 1 . . Extermination 13 | . . . . . 4 . . . . 4 . . . . 5 . . Reinforcement 19 | . 1 1 . 1 3 . . . . 5 1 . . 2 5 . . Assault 9 | . . . . . . . 1 . . 5 1 . . . 2 . . Garrison 3 | . . . . . . . . . . . . . . . 3 . . Intercept . | . . . . . . . . . . . . . . . . . . Searches Triggered . | . . . . . . . . . . . . . . . . . . Data Miner Redirects 7 | . . . . . . . . . . 4 1 . . . 2 . . Construction Impeded 6 | . . . . . 1 . . . . 2 1 . . . 2 . . Haulers Reinforced 2 | . . . . . 1 . . . . . . . . . 1 . . Active Scanning Responses . | . . . . . . . . . . . . . . . . . . Cargo Convoy Interrupts 1 | . . . . . . . . . . 1 . . . . . . . Stealth | -11 -10 -9 -9 -8 -7 -7 -7 -7 -6 -6 -6 -6 -6 -6 -5 -5 -5 --------- Run | Scr Mat Mat Min Mat Fac Low Low Dat Pro Fac Ext Cet Arc Hub Fac Upp Upp Distress Signals 16 | . 1 1 . 1 . . . . . 8 . 2 . . 3 . . Communications Jammed . | . . . . . . . . . . . . . . . . . . Distress Signals . | . . . . . . . . . . . . . . . . . . Times Spotted 389 | . 7 13 5 20 38 10 9 . . 99 37 18 32 2 84 6 9 Peak Tracking Total 10 | . 5 10 3 4 5 7 10 . . 10 7 9 2 1 7 5 7 Tactical Retreats 19 | . 2 1 . 1 1 1 . . . 4 2 . . . 7 . . Traps | -11 -10 -9 -9 -8 -7 -7 -7 -7 -6 -6 -6 -6 -6 -6 -5 -5 -5 ------- Run | Scr Mat Mat Min Mat Fac Low Low Dat Pro Fac Ext Cet Arc Hub Fac Upp Upp Traps Triggered 9 | . . . . . 4 . . . . 3 . . . . 2 . . Indirectly . | . . . . . . . . . . . . . . . . . . Trap Hack Attempts . | . . . . . . . . . . . . . . . . . . Triggered . | . . . . . . . . . . . . . . . . . . Disarmed . | . . . . . . . . . . . . . . . . . . Reprogrammed . | . . . . . . . . . . . . . . . . . . Reused . | . . . . . . . . . . . . . . . . . . Traps Extracted . | . . . . . . . . . . . . . . . . . . Installed 1 | . . . . . . . . . . 1 . . . . . . . Triggered 6 | . . . . . . 3 1 . 2 . . . . . . . . Most Traps Carried 1 | . . . . . . . . . 1 1 . . . . . . . Machines | -11 -10 -9 -9 -8 -7 -7 -7 -7 -6 -6 -6 -6 -6 -6 -5 -5 -5 ---------- Run | Scr Mat Mat Min Mat Fac Low Low Dat Pro Fac Ext Cet Arc Hub Fac Upp Upp Machines Disabled 55 | . . 1 . . 10 . . . . 30 3 1 2 . 8 . . Max in Single Turn 5 | . . 1 . . 5 . . . . 4 1 . . . 3 . . Garrison Access 2 | . . . . . 1 . . . . . . . . 1 . . . Machines Sabotaged . | . . . . . . . . . . . . . . . . . . Garrisons Compromised . | . . . . . . . . . . . . . . . . . . Overloaded Fab Kills . | . . . . . . . . . . . . . . . . . . Hacking | -11 -10 -9 -9 -8 -7 -7 -7 -7 -6 -6 -6 -6 -6 -6 -5 -5 -5 --------- Run | Scr Mat Mat Min Mat Fac Low Low Dat Pro Fac Ext Cet Arc Hub Fac Upp Upp Machines Accessed 40 | . 1 1 . . 12 2 . 4 . 6 4 1 . 1 7 1 . Terminals 20 | . 1 1 . . 7 . . . . 3 4 1 . . 3 . . Fabricators 3 | . . . . . 2 . . . . 1 . . . . . . . Repair Stations 1 | . . . . . . . . . . . . . . . 1 . . Recycling Units 6 | . . . . . 2 . . . . 1 . . . . 3 . . Scanalyzers . | . . . . . . . . . . . . . . . . . . Garrison Access 3 | . . . . . 1 . . . . 1 . . . 1 . . . Total Hacks 102 | . 1 3 . . 21 8 . 29 . 15 7 3 . 2 12 1 . Successful 63 | . 1 . . . 10 8 . 29 . 6 2 . . 1 5 1 . Failed 39 | . . 3 . . 11 . . . . 9 5 3 . 1 7 . . Catastrophic 8 | . . . . . 3 . . . . 3 1 . . . 1 . . Database Lockouts . | . . . . . . . . . . . . . . . . . . Manual 20 | . . . . . 10 . . . . 2 2 1 . . 5 . . Terminals 36 | . 1 3 . . 12 . . . . 5 7 3 . . 5 . . Fabricators 7 | . . . . . 3 . . . . 4 . . . . . . . Repair Stations 1 | . . . . . . . . . . . . . . . 1 . . Recycling Units 14 | . . . . . 5 . . . . 3 . . . . 6 . . Scanalyzers . | . . . . . . . . . . . . . . . . . . Garrison Access 6 | . . . . . 1 . . . . 3 . . . 2 . . . Terminal Hacks 48 | . 1 . . . 3 8 . 29 . 2 2 . . . 2 1 . Record 19 | . . . . . . 7 . 11 . . 1 . . . . . . Part Schematic 10 | . . . . . . . . 9 . . . . . . 1 . . Robot Schematic 6 | . . . . . . . . 6 . . . . . . . . . Prototype ID Bank 3 | . . . . . . . . 3 . . . . . . . . . Open Door 2 | . . . . . . 1 . . . . . . . . . 1 . Open DSF 1 | . . . . . . . . . . 1 . . . . . . . Branch Access Points 2 | . . . . . 2 . . . . . . . . . . . . Alert Level 2 | . . . . . 1 . . . . 1 . . . . . . . Unreport Threat 1 | . . . . . . . . . . . . . . . 1 . . Locate Traps 1 | . . . . . . . . . . . 1 . . . . . . Zone Layout 1 | . 1 . . . . . . . . . . . . . . . . Fabricator Hacks 4 | . . . . . 2 . . . . 2 . . . . . . . Network Status 1 | . . . . . 1 . . . . . . . . . . . . Load Schematic 1 | . . . . . . . . . . 1 . . . . . . . Build 2 | . . . . . 1 . . . . 1 . . . . . . . Repair Station Hacks . | . . . . . . . . . . . . . . . . . . Recycling Unit Hacks 2 | . . . . . . . . . . 1 . . . . 1 . . Report Inventory 1 | . . . . . . . . . . 1 . . . . . . . Retrieve Components 1 | . . . . . . . . . . . . . . . 1 . . Scanalyzer . | . . . . . . . . . . . . . . . . . . Garrison Access Hacks 2 | . . . . . 1 . . . . . . . . 1 . . . Seal Access 2 | . . . . . 1 . . . . . . . . 1 . . . Unauthorized Hacks 7 | . . . . . 4 . . . . 1 . . . . 2 . . Terminals 3 | . . . . . 2 . . . . . . . . . 1 . . Assimilate 1 | . . . . . 1 . . . . . . . . . . . . Botnet 2 | . . . . . 1 . . . . . . . . . 1 . . Fabricators . | . . . . . . . . . . . . . . . . . . Repair Stations . | . . . . . . . . . . . . . . . . . . Recycling Units 4 | . . . . . 2 . . . . 1 . . . . 1 . . Reject 3 | . . . . . 1 . . . . 1 . . . . 1 . . Mask 1 | . . . . . 1 . . . . . . . . . . . . Scanalyzers . | . . . . . . . . . . . . . . . . . . Garrison Access . | . . . . . . . . . . . . . . . . . . Data Cores Recovered 3 | . . . . . 1 . . . . 1 . . . . 1 . . Used 2 | . . . . . . . . . . 1 . . . . 1 . . Hacking Detections 23 | . . 1 . . 10 . . . . 4 3 1 . . 4 . . Full Trace Events 2 | . . . . . . . . . . 1 . 1 . . . . . Feedback Events . | . . . . . . . . . . . . . . . . . . Feedback Blocked . | . . . . . . . . . . . . . . . . . . Robot Schematics Acquired 6 | . . . . . . . . 6 . . . . . . . . . Robots Built 3 | . . . . . . . . . . 3 . . . . . . . Authchips . | . . . . . . . . . . . . . . . . . . Time 134 | . . . . . . . . . . 134 . . . . . . . Total Robot Build Rating 12 | . . . . . . . . . . 12 . . . . . . . Part Schematics Acquired 10 | . . . . . . . . 9 . . . . . . 1 . . Parts Built 2 | . . . . . 2 . . . . . . . . . . . . Authchips . | . . . . . . . . . . . . . . . . . . Time 58 | . . . . . 58 . . . . . . . . . . . . Total Part Build Rating 14 | . . . . . 14 . . . . . . . . . . . . Parts Repaired . | . . . . . . . . . . . . . . . . . . Time . | . . . . . . . . . . . . . . . . . . Parts Recycled . | . . . . . . . . . . . . . . . . . . Recycled Matter . | . . . . . . . . . . . . . . . . . . Retrieved Matter . | . . . . . . . . . . . . . . . . . . Retrieved Components 10 | . . . . . . . . . . . . . . . 10 . . Parts Scanalyzed . | . . . . . . . . . . . . . . . . . . Part Schematics Acquired . | . . . . . . . . . . . . . . . . . . Parts Damaged . | . . . . . . . . . . . . . . . . . . Bothacking | -11 -10 -9 -9 -8 -7 -7 -7 -7 -6 -6 -6 -6 -6 -6 -5 -5 -5 ------------ Run | Scr Mat Mat Min Mat Fac Low Low Dat Pro Fac Ext Cet Arc Hub Fac Upp Upp Used RIF Installer . | . . . . . . . . . . . . . . . . . . Robots Hacked 1 | . . . . 1 . . . . . . . . . . . . . Non-combat 1 | . . . . 1 . . . . . . . . . . . . . Combat . | . . . . . . . . . . . . . . . . . . Robot Hacks Applied 1 | . . . . 1 . . . . . . . . . . . . . parse_system 1 | . . . . 1 . . . . . . . . . . . . . Relay Couplers Released 8 | . . . . . 4 . . . . . . . . . 4 . . Programmers 8 | . . . . . 4 . . . . . . . . . 4 . . Fabnet Peak Effective % . | . . . . . . . . . . . . . . . . . . Robots Rewired 21 | . . . . . 1 . . . . . 20 . . . . . . Allies Hacked . | . . . . . . . . . . . . . . . . . . Hacks Repelled . | . . . . . . . . . . . . . . . . . . Allies | -11 -10 -9 -9 -8 -7 -7 -7 -7 -6 -6 -6 -6 -6 -6 -5 -5 -5 -------- Run | Scr Mat Mat Min Mat Fac Low Low Dat Pro Fac Ext Cet Arc Hub Fac Upp Upp Total Allies 33 | . . . . . 4 . . . . 3 21 5 . . . . . Largest Group 11 | . . . . . 3 . . . . 3 11 9 6 3 3 . . Highest-Rated Group 725 | . . . . . 93 . . . . 60 495 725 625 288 288 . . Highest-Rated Ally 159 | . . . . . 31 . . . . 20 159 159 152 96 96 . . Total Orders 8 | . . . . . . . . . . 5 . . . 3 . . . EXPLORE 6 | . . . . . . . . . . 3 . . . 3 . . . RETURN 2 | . . . . . . . . . . 2 . . . . . . . Ally Attacks 440 | . . . . . 68 . . . . 11 106 178 30 11 36 . . Total Damage 10718 | . . . . . 1083 . . . . 239 2607 4323 1001 353 1112 . . Kills 63 | . . . . . 8 . . . . 2 18 24 3 2 6 . . Allies Corrupted 4 | . . . . . . . . . . 1 . . . 2 1 . . Allies Melted . | . . . . . . . . . . . . . . . . . . Intel | -11 -10 -9 -9 -8 -7 -7 -7 -7 -6 -6 -6 -6 -6 -6 -5 -5 -5 ------- Run | Scr Mat Mat Min Mat Fac Low Low Dat Pro Fac Ext Cet Arc Hub Fac Upp Upp Robot Analysis Total . | . . . . . . . . . . . . . . . . . . Derelict Logs Recovered 5 | . . . 1 . . 2 2 . . . . . . . . . . Drone Launches 6 | . . . . . . . . . . 3 . . . 3 . . . Drone Recoveries 2 | . . . . . . . . . . 2 . . . . . . . Exploration | -11 -10 -9 -9 -8 -7 -7 -7 -7 -6 -6 -6 -6 -6 -6 -5 -5 -5 ------------- Run | Scr Mat Mat Min Mat Fac Low Low Dat Pro Fac Ext Cet Arc Hub Fac Upp Upp Turns Passed 15636 | 193 265 92 143 833 3571 221 134 33 92 2945 1382 456 734 205 3082 1033 222 Spaces Moved 10627 | 148 315 187 407 521 2763 527 322 77 220 1946 600 231 217 61 1479 526 80 Core 78 | 21 2 . . 53 . . . . . . . . . . . . 2 Treads 2477 | . . . . 55 20 . . . . 231 596 231 67 61 1216 . . Legs 4335 | 127 146 . . 246 1759 . . . . 1040 . . 150 . 263 526 78 Wheels 651 | . . . . 74 507 . . . . 66 4 . . . . . . Hover 2232 | . . . . . 477 527 322 77 220 609 . . . . . . . Flight 854 | . 167 187 407 93 . . . . . . . . . . . . . Fastest Speed 31 | 50 37 31 31 31 40 40 40 43 40 33 145 160 160 160 120 120 50 Average Speed 110 | 110 76 31 31 112 108 40 40 43 40 105 160 160 229 160 155 145 144 Slowest Speed 330 | 120 150 31 31 200 240 40 43 43 40 330 240 160 260 160 240 190 190 Overloaded Moves . | . . . . . . . . . . . . . . . . . . Propulsion Burnouts . | . . . . . . . . . . . . . . . . . . Robots Hopped 3 | . . . 1 2 . . . . . . . . . . . . . Cave-ins Triggered . | . . . . . . . . . . . . . . . . . . Exploration Rate (%) 50 | 8 45 21 84 33 40 67 65 68 45 52 76 69 96 29 30 65 20 Regions Visited 17 Branch Regions 11 Pre-discovered Areas 2 | . . . . . . 1 . 1 . . . . . . . . . Known Exits Taken 9 | . . . . . 1 . . . 1 1 1 1 1 1 1 1 . Unknown Exits Taken 8 | 1 1 1 1 1 . 1 1 1 . . . . . . . . . Scrap Searched 7 | . . . 3 . . 1 2 . 1 . . . . . . . . Spaces Dug 17 | . . . . 1 1 . . . . 1 4 1 . . 2 7 . Terrain Destroyed 909 | . . 14 38 13 120 92 . . . 338 56 15 3 . 158 46 16 Melee 12 | . . . . 1 1 . . . . 1 . 1 . . 1 7 . Projectile 196 | . . . . . 1 . . . . 113 56 . 3 . 23 . . AOE 701 | . . 14 38 12 118 92 . . . 224 . 14 . . 134 39 16 Terrain Rammed . | . . . . . . . . . . . . . . . . . . Walls Destroyed . | . . . . . . . . . . . . . . . . . . Machines Disabled . | . . . . . . . . . . . . . . . . . . Actions | -11 -10 -9 -9 -8 -7 -7 -7 -7 -6 -6 -6 -6 -6 -6 -5 -5 -5 --------- Run | Scr Mat Mat Min Mat Fac Low Low Dat Pro Fac Ext Cet Arc Hub Fac Upp Upp Total 13273 | 171 330 217 419 676 3173 530 323 76 223 2507 905 289 406 169 1929 776 154 Wait 1080 | . 2 1 3 26 144 . . . . 206 23 28 144 101 137 229 36 Move 10604 | 147 314 186 404 516 2762 526 321 76 219 1945 599 230 216 60 1478 525 80 Hop 3 | . . . 1 2 . . . . . . . . . . . . . Pick Up 151 | 6 4 11 2 16 34 . . . 2 32 9 1 4 . 29 1 . Fast Attach 150 | 3 2 1 . 20 29 . . . . 49 22 1 2 . 21 . . Attach 88 | 4 . 5 1 7 12 . . . 1 21 11 4 . 2 17 1 2 Detach 21 | . . 2 1 . . . . . . 6 4 3 . . 5 . . Swap 86 | . . 1 1 4 21 1 2 . . 13 3 3 1 1 28 4 3 Drop 172 | . 4 5 2 18 46 . . . 1 48 12 4 3 3 22 1 3 Fire 489 | 2 4 5 4 18 23 3 . . . 168 44 10 21 . 166 5 16 Melee 193 | . . . . 40 90 . . . . 13 17 5 . . 12 8 8 Ram 15 | . . . . 9 . . . . . . . . . . . . 6 Kick 34 | 9 . . . . 1 . . . . 4 . . 15 . 5 . . Crush 15 | . . . . . . . . . . 1 4 . . 1 9 . . Escape Stasis 4 | . . . . . 4 . . . . . . . . . . . . Rewire 166 | . . . . . 7 . . . . . 157 . . . . 2 . Trap 1 | . . . . . . . . . . 1 . . . . . . . Miscellaneous 1 | . . . . . . . . . . . . . . 1 . . . Route ------- -11/Scrapyard -10/Materials (discovered 2 exits: *Mat x2) -9/Materials -9/Mines -8/Materials -7/Factory (discovered 4 exits: *Fac x2 / *Low x2) -7/Lower Caves -7/Lower Caves (discovered 2 exits: *Fac / *Dat) -7/Data Miner -6/Proximity Caves -6/Factory (discovered 3 exits: *Fac x2 / *Ext) -6/Extension (discovered 2 exits: *Fac / *Cet) -6/Cetus (discovered 2 exits: *Fac / *Arc) -6/Archives (discovered 3 exits: *Fac / *Hub x2) -6/Hub_04(d) (discovered 2 exits: *Fac x2) -5/Factory (discovered 2 exits: *Fac / *Upp) -5/Upper Caves -5/Upper Caves (discovered 1 exit: *Fac) History --------- Turn | Location | Event 6 | -11/Scrapyard | Discovered new exit (range 16) 194 | -11/Scrapyard | Entered Materials 309 | -10/Materials | Build established: Mutant 404 | -10/Materials | Discovered new exit (range 3) 423 | -10/Materials | Discovered new exit (range 15) 459 | -10/Materials | Entered another Materials area 459 | -9/Materials | Evolved 2 slots: Propulsion x2 527 | -9/Materials | Discovered new exit (range 8) 551 | -9/Materials | Entered Mines 624 | -9/Mines | Learned Materials emergency access door positions 691 | -9/Mines | Discovered new exit (range 6) 694 | -9/Mines | Entered Materials 694 | -8/Materials | Evolved 2 slots: Propulsion x1, Utility x1 799 | -8/Materials | Core integrity fell below 50% 841 | -8/Materials | Lost 9 parts (1p4n1u3w) 1330 | -8/Materials | Lost 3 parts (1p1n1w) 1430 | -8/Materials | Core integrity fell below 20% 1465 | -8/Materials | Discovered new exit (range 11) 1527 | -8/Materials | Entered Factory 1527 | -7/Factory | Evolved 2 slots: Propulsion x1, Utility x1 1656 | -7/Factory | Discovered new exit (range 7) 2162 | -7/Factory | Identified exit to Factory 2201 | -7/Factory | Identified exit to Lower Caves 2464 | -7/Factory | Build established: Scavenger-Mutant 2796 | -7/Factory | Found Prototype Launcher 2796 | -7/Factory | Identified Rocket Array 2836 | -7/Factory | Allied Derelicts emerged from ambush trap array 3620 | -7/Factory | Fabricated Imp. Fusion Compressor (x2) 3792 | -7/Factory | Discovered exit to Factory (range 9) 4245 | -7/Factory | Lost 6 parts (1p4n1u) 4452 | -7/Factory | Lost 5 parts (4n1w) 5084 | -7/Factory | Core integrity fell below 50% 5098 | -7/Factory | Entered Lower Caves 5130 | -7/Lower Caves | Learned 4 Factory zone layouts 5137 | -7/Lower Caves | Learned location of Extension (-6) 5147 | -7/Lower Caves | Learned Extension trap positions 5147 | -7/Lower Caves | Learned Armory garrison access intel 5227 | -7/Lower Caves | Destroyed 10 combat bots 5307 | -7/Lower Caves | Discovered new exit (range 10) 5319 | -7/Lower Caves | Entered another Lower Caves area 5323 | -7/Lower Caves | Discovered exit to Factory (range 10) 5407 | -7/Lower Caves | Learned 8 Factory zone layouts 5420 | -7/Lower Caves | Learned 4 Factory zone layouts 5421 | -7/Lower Caves | Attracted the attention of an 0b10 outpost 5448 | -7/Lower Caves | Discovered new exit (range 13) 5453 | -7/Lower Caves | Entered Data Miner 5453 | -7/Data Miner | Discovered new exit (range 6) 5462 | -7/Data Miner | Met Data Miner 5469 | -7/Data Miner | Learned location of Section 7 (-2) 5469 | -7/Data Miner | Acquired the access code to Warlord's prototype stash 5477 | -7/Data Miner | Received God Mode back door access code from Data Miner 5486 | -7/Data Miner | Entered Proximity Caves 5575 | -6/Proximity Caves | Discovered exit to Factory (range 6) 5578 | -6/Proximity Caves | Entered Factory 5578 | -6/Factory | Evolved 2 slots: Propulsion x1, Utility x1 5579 | -6/Factory | Identified exit to Factory 5674 | -6/Factory | Identified exit to DSF 6070 | -6/Factory | Discovered exit to Factory (range 10) 6188 | -6/Factory | Build established: Mutant 6411 | -6/Factory | Cargo convoy interrupted 6444 | -6/Factory | Destroyed 10 combat bots 6569 | -6/Factory | Destroyed 9 combat bots 6978 | -6/Factory | First assault squad dispatched 6995 | -6/Factory | Incoming assault squad redirected 7009 | -6/Factory | Build established: Scavenger-Mutant 7357 | -6/Factory | Incoming assault squad redirected 7390 | -6/Factory | Lost 4 parts (3n1u) 7592 | -6/Factory | System corruption reached 10% 7644 | -6/Factory | Incoming investigation squad redirected 7730 | -6/Factory | Lost 3 parts (3n) 7754 | -6/Factory | Fabricated B-48 Gladiator? 7857 | -6/Factory | P-60 Hacker assimilated allied Gladiator 5a 7938 | -6/Factory | Lost 7 parts (1p4n2u) 8256 | -6/Factory | Incoming assault squad redirected 8326 | -6/Factory | Build established: Mutant 8400 | -6/Factory | Discovered new exit (range 48) 8521 | -6/Factory | Identified exit to Extension 8523 | -6/Factory | Entered Extension 8524 | -6/Extension | Loaded intel: 18 trap records 8580 | -6/Extension | Core integrity fell below 50% 8873 | -6/Extension | First assault squad dispatched 8889 | -6/Extension | Incoming assault squad redirected 9160 | -6/Extension | Spotted B-75 Beast 9170 | -6/Extension | Spotted B-75 Beast 9231 | -6/Extension | Lost 6 parts (3n2u1w) 9311 | -6/Extension | Build established: Scavenger-Mutant 9369 | -6/Extension | Lost 3 parts (1n2u) 9373 | -6/Extension | Disrupted transfer network 9679 | -6/Extension | Rescued A7 9868 | -6/Extension | Discovered exit to Factory (range 10) 9870 | -6/Extension | Discovered new exit (range 6) 9899 | -6/Extension | Identified exit to Cetus 9905 | -6/Extension | Entered Cetus 9905 | -6/Cetus | Accompanied by 5 allies (A7) 9910 | -6/Cetus | Acquired a Cetus Manufacturing Module code from A7 9927 | -6/Cetus | Spotted Cetus Guard 9927 | -6/Cetus | Spotted Cetus Guard 9928 | -6/Cetus | Allies destroyed Cetus Guard 9929 | -6/Cetus | Spotted Cetus Guard 9939 | -6/Cetus | Spotted Cetus Guard 9940 | -6/Cetus | Allies destroyed Cetus Guard 9947 | -6/Cetus | Allies destroyed Cetus Guard 9954 | -6/Cetus | Allies destroyed Cetus Guard 10038 | -6/Cetus | Started Cetus Manufacturing Module 10063 | -6/Cetus | Manufactured an Enhanced Grunt 10088 | -6/Cetus | Manufactured an Enhanced Grunt 10113 | -6/Cetus | Manufactured an Enhanced Grunt 10122 | -6/Cetus | Escorted A7 to Cetus Mainframe 10138 | -6/Cetus | Manufactured an Enhanced Grunt 10163 | -6/Cetus | Manufactured an Enhanced Grunt 10213 | -6/Cetus | Discovered new exit (range 16) 10258 | -6/Cetus | Spotted Cetus Guard 10258 | -6/Cetus | Spotted Cetus Guard 10261 | -6/Cetus | Spotted Cetus Guard 10261 | -6/Cetus | Spotted Cetus Guard 10276 | -6/Cetus | Allies destroyed Cetus Guard 10281 | -6/Cetus | Allies destroyed Cetus Guard 10284 | -6/Cetus | Allies destroyed Cetus Guard 10284 | -6/Cetus | Discovered exit to Factory (range 16) 10295 | -6/Cetus | Met Revision 17 10349 | -6/Cetus | Build established: Commander-Mutant 10359 | -6/Cetus | Identified exit to Archives 10361 | -6/Cetus | Entered Archives 10361 | -6/Archives | Accompanied by 6 allies (A7) 10366 | -6/Archives | Received a hacking code to weaken MAIN.C 10501 | -6/Archives | Discovered exit to Factory (range 14) 10616 | -6/Archives | Discovered new exit (range 14) 10681 | -6/Archives | Build established: Scavenger-Mutant 10777 | -6/Archives | Discovered new exit (range 16) 11093 | -6/Archives | Identified exit to Hub_04(d) 11095 | -6/Archives | Entered Hub_04(d) 11095 | -6/Hub_04(d) | Accompanied by 3 allies 11107 | -6/Hub_04(d) | Discovered exit to Factory (range 11) 11199 | -6/Hub_04(d) | Discovered exit to Factory (range 50) 11300 | -6/Hub_04(d) | Entered Factory 11300 | -5/Factory | Accompanied by 3 allies 11300 | -5/Factory | Evolved 2 slots: Power x1, Propulsion x1 11340 | -5/Factory | Discovered new exit (range 12) 11362 | -5/Factory | Identified exit to Factory 12207 | -5/Factory | Found Corrupted Prototype Device 12886 | -5/Factory | Incoming investigation squad redirected 13144 | -5/Factory | Garrison activated, responded to threat 13780 | -5/Factory | Lost 3 parts (1p2n) 13788 | -5/Factory | Destroyed 10 combat bots 13871 | -5/Factory | Lost 4 parts (1p2n1u) 14000 | -5/Factory | First assault squad dispatched 14021 | -5/Factory | Incoming assault squad redirected 14095 | -5/Factory | Lost 4 parts (1p1n1u1w) 14096 | -5/Factory | Destroyed 7 combat bots 14310 | -5/Factory | Discovered new exit (range 7) 14317 | -5/Factory | Identified exit to Upper Caves 14382 | -5/Factory | Entered Upper Caves 14693 | -5/Upper Caves | Build established: Scavenger-Assassin 15363 | -5/Upper Caves | Discovered new exit (range 19) 15414 | -5/Upper Caves | Identified exit to Upper Caves 15415 | -5/Upper Caves | Entered another Upper Caves area 15415 | -5/Upper Caves | Discovered exit to Factory (range 21) 15444 | -5/Upper Caves | Encountered a Warlord checkpoint 15472 | -5/Upper Caves | Attracted the attention of an 0b10 checkpoint 15533 | -5/Upper Caves | Lost 3 parts (1p1n1w) 15615 | -5/Upper Caves | Core integrity fell below 50% 15630 | -5/Upper Caves | Core integrity fell below 20% 15637 | -5/Upper Caves | Destroyed by S-27 Virus with Autogun Last Messages --------------- 15608_ S-27 Virus suffers critical hit (Impale). 15608_ Destroyed Lgt. Nuclear Core. 15608_ Destroyed VTOL Module. 15610_ S-27 Virus destroyed. 15614_ Enh. Flexi-carbon Leg destroyed. 15615_ VTOL Module fries itself beyond repair. 15615_ Hardlight Generator destroyed. 15617_ Dropped Huge Storage Unit. 15617_ Scythe follow-up attack on S-27 Virus. 15620_ VTOL Module fries itself beyond repair. 15621_ Enh. Flexi-carbon Leg destroyed. 15622_ Lyr. Medium Armor Plating destroyed. 15624_ S-27 Virus destroyed. 15625_ Dropped Fission Core. 15625_ Dropped Hvy. Pick. 15625_ Imp. Reaction Control System destroyed. 15626_ VTOL Module fries itself beyond repair. 15626_ Slammed into S-27 Virus. 15631_ Scythe destroyed. 15634_ Slammed into S-27 Virus. Map ----- +----------------------------------------------------+ | ?????????????????????????????????????????????????? | | ?????????????????????????????????????????????????? | | ?????????????????????????????????????????????????? | | ???????????????????????????########??????????????? | | ??????????????????????????##########?????????????? | | ?????????????????????????#### ###?????????????? | | ????????????????????????#### ##?????????????? | | ????????????????????????### ####???????????# | | ????????????????????????## #####??????????# | | ???????????????????????### ############## | | ??????????????????????#### ############# | | ????????????????????? ### #### # | | ????????????????????? ## # | | ?????????????????????## | | ?????????????????????### | | ?????????????????????### | | ??????????????????????## ## | | ??????????????????????####### # # | | ??????????????????????####### ### ######## | | ??????????????????????? ## # ## ####### | | ??????????????????????? # ### # | | ???????????????????????## $# # ## # | | ???????????????????????## # ## #### ## | | ???????????????????????## ## ######### | | ????????????????????##### # ###??#### | | ????????????????????#####@s # # ###??????? | | ????????????????????## [!! # ###??????? | | ????????????????????## *s!!## # ###??????? | | ????????????????????###]s%!## ## ##??????? | | ????????????????????###!!s*!! ### ### ?????? | | ???????????????????###!]!!% ## # ### ???? | | ???????????????????## %##s## ### ## ""?? | | ???????????????## ###### # ####### ""?? | | ??????????????### ######## ##??? "??? | | ??????????????## ????###### ### ##???? ??? | | ??????????????## ?????????### ##????? ??? | | ???????????? ?????????##### ???????????? | | ????????????## ???????????### ##????????? | | ????????????#### ??????????????? ##????????? | | ????????????####### ??????????????###????????? | | ??????????????##########?????????????????????????? | | ?????????????????#######?????????????????????????? | | ?????????????????????????????????????????????????? | | ?????????????????????????????????????????????????? | | ?????????????????????????????????????????????????? | | ?????????????????????????????????????????????????? | | ?????????????????????????????????????????????????? | | ?????????????????????????????????????????????????? | | ?????????????????????????????????????????????????? | | ?????????????????????????????????????????????????? | +----------------------------------------------------+ Best States ------------- Heat Dissipation 63 Energy Generation 48 Energy Capacity 1125 Matter Stores 300 Matter Capacity 300 Sight Range 22 Robot Scan Range 16 Terrain Scan Density 110 Cloak Strength 2 Additional Mass Support 6 Armor Coverage 900 Resistance: KI 30 Resistance: EM 20 Propulsion Shielding 66 Melee Speed Boost 20 Evasion (%) 68 Melee Accuracy 6 Target Analysis 7 Recoil Reduction 8 Defensive Hacking 14 Authchip Count 1 Item Schematics ----------------- Lgt. Regenerative Plating | -7/Data Miner | Free Combat Drone Bay | -7/Data Miner | Free Cld. Cesium-ion Thruster | -7/Data Miner | Free Gravity Neutralizer | -7/Data Miner | Free Shock Maul | -7/Data Miner | Free Hvy. Treads | -7/Data Miner | Free Imp. Coolant Injector | -7/Data Miner | Free Imp. Remote Datajack | -7/Data Miner | Free Disruptor Cannon | -7/Data Miner | Free Adv. VSS Leg | -5/Factory | Hacked Robot Schematics ------------------ G-47 Trooper | -7/Data Miner | Free R-10 Processor | -7/Data Miner | Free M-28 Smith | -7/Data Miner | Free A-15 Conveyor | -7/Data Miner | Free B-48 Gladiator | -7/Data Miner | Free G-50 Soldier | -7/Data Miner | Free Fabricated ------------ Imp. Fusion Compressor | x2 | -7/Factory | Preloaded B-48 Gladiator | x3 | -6/Factory Alien Tech Used ----------------- None Achievements -------------- None Challenges ------------ None Game ------ Seed NodeHeatMicrothruster Manual? 0 Play Time 03:59:52 Cumulative 60.8 hours Start 2022.05.16 @ 22:13:47 End 2022.05.17 @ 02:36:37 Sessions 1 Manual Loads 0 Difficulty Rogue Special Mode None Game No. 28 Rogue 28 Adventurer 0 Explorer 0 Win Type - Total 0 Types 0/0/0/0/0/0/0/0/0 Lore% 20 Gallery% 49 Achievement% 68 Wizard Run 0 Options --------- ASCII 0 Keyboard 0 Movement Numpad Keybinds 0 Fullscreen 1 Font 24/Smallcaps Map View 76x50 Tactical HUD 1 Map Filters NONE Filters LOW_CONTRAST(13,24,33) Steam 1 RUN: 6225a109-32a7-4107-88ac-02f9cba327b5